Map: Ever Dream LE

Players

PiG - Winner!

  • Race: Terran Terran
  • League: Grandmaster
  • Spawn Location: 1:00

Shmy

  • Race: Zerg Zerg
  • League: Master
  • Spawn Location: 7:00

VOD

Have the link to the VOD?

Description

Time

  • Played on: July 9, 2020, 5:43 p.m.
  • Length: 12:51
Show
View Real Time Build Order
Export as new Build Order

PiG Terran - Winner!

Build Orders: Liberator Opening, Reaper Expand, Mech 

Get SALT Encoding   

  12  0:03  SCV  
  13  0:15  SCV  
  13  0:18  Supply Depot  
  14  0:27  SCV  
  15  0:40  SCV  
  15  0:41  Barracks  
  16  0:44  Refinery  
  16  0:52  SCV  
  17  1:04  SCV  
  18  1:16  SCV  
  19  1:28  Orbital Command  
  19  1:29  Reaper  
  20  1:40  Command Center  
  20  1:50  Supply Depot  
  21  1:54  SCV  
  21  2:01  Marine  
  22  2:08  SCV  
  23  2:13  Factory  
  23  2:20  SCV  
  23  2:21  Refinery  
  24  2:24  Barracks Reactor  
  24  2:32  SCV  
  25  2:44  SCV  
  26  2:53  Orbital Command  
  26  2:57  Starport  
  26  3:06  Hellion  
  26  3:07  SCV, Hellion, Barracks Tech Lab  
  32  3:20  SCV  
  32  3:21  SCV  
  33  3:30  Hellion x2  
  37  3:35  SCV  
  37  3:37  SCV  
  37  3:38  Liberator  
  42  3:47  SCV, Supply Depot  
  43  3:51  SCV  
  44  3:59  SCV  
  45  4:04  SCV  
  45  4:05  Supply Depot  
  45  4:09  Hellion x2  
  50  4:10  Command Center  
  50  4:11  SCV  
  50  4:16  SCV  
  52  4:23  SCV  
  51  4:33  SCV  
  51  4:35  SCV  
  51  4:36  Refinery  
  51  4:37  Hellion x2, Refinery, Liberator  
  60  4:40  Fusion Core  
  60  4:45  SCV  
  61  4:46  Supply Depot  
  61  4:48  SCV  
  62  5:06  SCV x2  
  58  5:18  SCV x2  
  58  5:20  Hellion x2  
  60  5:27  Barracks Tech Lab  
  57  5:29  Orbital Command  
  57  5:30  SCV  
  57  5:37  Armory  
  57  5:39  Battlecruiser, Factory  
  57  5:41  SCV  
  57  5:42  SCV  
  65  5:53  SCV  
  66  5:58  Hellion, Orbital Command  
  67  6:04  Refinery  
  67  6:07  Refinery  
  64  6:18  SCV, Supply Depot x2  
  64  6:19  SCV  
  64  6:20  Supply Depot, Hellion x2  
  70  6:26  Terran Vehicle And Ship Armor Level 1, Barracks Tech Lab  
  70  6:27  SCV  
  70  6:28  Factory  
  70  6:30  SCV  
  72  6:38  SCV  
  72  6:39  SCV  
  74  6:42  Command Center  
  74  6:43  SCV  
  81  6:47  Battlecruiser  
  81  6:51  SCV x2  
  83  6:57  SCV  
  83  6:58  Infernal Pre-Igniter  
  83  6:59  Hellion x3  
  90  7:03  SCV x2  
  92  7:14  SCV  
  92  7:15  SCV  
  94  7:16  SCV  
  94  7:20  Hellion  
  94  7:21  Hellion  
  89  7:27  SCV  
  86  7:33  SCV x2  
  86  7:34  Factory  
  86  7:35  Factory  
  86  7:37  Factory  
  88  7:39  SCV  
  89  7:45  SCV  
  89  7:47  Command Center  
  89  7:50  Hellion  
  89  7:51  Hellion, Mag-Field Accelerator  
  94  7:52  Cyclone, Siege Tank  
  72  8:14  SCV x3  
  72  8:20  Hellion  
  72  8:22  Battlecruiser  
  80  8:29  Refinery  
  80  8:30  SCV  
  81  8:34  SCV x2  
  81  8:37  Orbital Command  
  87  8:41  Hellion x2  
  87  8:42  SCV, Hellion  
  88  9:01  SCV x2  
  88  9:02  SCV, Hellion  
  93  9:13  SCV x2  
  93  9:14  SCV  
  96  9:20  Hellion  
  96  9:21  Factory Tech Lab x3  
  96  9:23  Terran Vehicle Weapons Level 1, SCV  
  101  9:24  Armory, Hellion  
  101  9:25  SCV  
  101  9:26  Battlecruiser, Engineering Bay  
  108  9:41  Orbital Command  
  108  9:46  SCV x3  
  111  9:53  Hellion x2, Command Center  
  111  9:58  Unknown  
  111  9:59  Cyclone  
  120  10:00  Hellion, Siege Tank  
  117  10:11  Hellion  
  119  10:15  Hellion x2  
  123  10:32  Cyclone  
  123  10:34  Hellion  
  124  10:37  Hellion  
  124  10:43  Siege Tank  
  124  10:45  Hellion, Cyclone  
  123  11:04  Hellion, Cyclone, Siege Tank  
  123  11:05  Hellion  
  123  11:06  Hellion  
  133  11:15  Siege Tank  
  133  11:16  SCV x3  
  133  11:17  Siege Tank  
  134  11:26  Hellion x2  
  134  11:33  Hellion  
  134  11:36  Siege Tank  
  137  11:47  Hellion  
  139  11:57  Planetary Fortress  
  139  12:12  Supply Depot  
  139  12:15  Supply Depot  
  139  12:18  Supply Depot  
  139  12:25  Command Center  
Show
View Real Time Build Order
Export as new Build Order

Shmy Zerg 

Build Orders: Hatch First 

Get SALT Encoding   

  12  0:00  Drone  
  13  0:12  Overlord  
  13  0:16  Drone  
  14  0:30  Drone x2  
  14  0:34  Drone  
  17  0:51  Hatchery  
  17  0:54  Drone  
  17  0:56  Drone  
  18  1:08  Extractor  
  17  1:12  Spawning Pool  
  17  1:15  Drone  
  17  1:17  Drone  
  18  1:28  Drone  
  19  1:38  Overlord  
  19  1:49  Drone  
  20  1:58  Queen  
  20  2:00  Zergling x2  
  23  2:03  Zergling x2  
  23  2:04  Queen  
  26  2:16  Hatchery  
  26  2:21  Metabolic Boost  
  25  2:27  Drone x2  
  27  2:30  Drone  
  27  2:32  Drone  
  27  2:35  Drone  
  30  2:39  Drone  
  30  2:47  Overlord  
  30  2:53  Zergling x2  
  30  2:56  Drone  
  30  2:57  Queen  
  34  3:00  Drone  
  34  3:05  Overlord  
  35  3:08  Zergling x2  
  36  3:14  Drone  
  36  3:15  Drone x2  
  39  3:21  Drone x4  
  43  3:29  Drone  
  43  3:32  Drone  
  43  3:33  Drone  
  46  3:39  Queen x2, Drone  
  46  3:41  Overlord  
  51  3:44  Drone  
  51  3:48  Zergling x6  
  54  3:54  Spore Crawler  
  54  3:55  Extractor  
  51  3:57  Drone x3  
  54  4:04  Drone  
  54  4:06  Overlord  
  54  4:08  Spore Crawler  
  55  4:10  Zergling x8, Spore Crawler  
  55  4:13  Drone  
  58  4:19  Spore Crawler  
  56  4:25  Drone x3  
  56  4:31  Drone x2  
  59  4:32  Zergling x2  
  59  4:39  Drone  
  59  4:43  Drone, Extractor  
  59  4:44  Drone, Extractor  
  60  4:51  Zergling x6  
  60  4:52  Evolution Chamber x2  
  61  4:53  Zergling x2  
  61  4:56  Queen x2  
  52  5:10  Drone x2  
  52  5:11  Drone x2  
  47  5:14  Drone x2  
  47  5:15  Drone  
  47  5:16  Drone x4  
  47  5:18  Drone x2  
  52  5:25  Drone x3  
  52  5:26  Drone  
  55  5:31  Drone  
  55  5:33  Drone  
  57  5:38  Drone  
  57  5:39  Drone  
  57  5:41  Drone x2  
  61  5:43  Drone  
  61  5:47  Drone x2  
  61  5:49  Drone  
  60  6:00  Drone x2  
  60  6:01  Drone  
  60  6:04  Drone  
  60  6:07  Drone x3  
  64  6:13  Drone x2  
  64  6:14  Drone x3  
  64  6:16  Drone  
  68  6:19  Zerg Ground Armor Level 1  
  68  6:22  Drone  
  68  6:23  Drone  
  70  6:27  Drone  
  70  6:29  Lair  
  70  6:32  Zergling x2  
  72  6:35  Spore Crawler  
  72  6:39  Zergling x6  
  74  6:41  Overlord, Baneling Nest  
  74  6:43  Overlord  
  74  6:44  Overlord  
  73  6:47  Overlord  
  73  6:50  Spore Crawler  
  73  6:51  Spore Crawler  
  73  6:52  Spore Crawler  
  73  6:54  Spore Crawler  
  69  6:57  Spore Crawler  
  64  7:09  Zergling x14  
  64  7:10  Zergling x2  
  69  7:16  Zergling x8  
  69  7:17  Zergling x4  
  69  7:21  Zergling x6  
  68  7:23  Zergling x2  
  68  7:24  Zergling x2  
  68  7:26  Zergling x2  
  71  7:33  Drone x2  
  71  7:35  Drone x2  
  75  7:37  Drone  
  75  7:40  Baneling  
  75  7:41  Baneling x5  
  76  7:44  Drone  
  76  7:45  Drone x5  
  79  7:52  Zergling x8  
  79  7:57  Zergling x2  
  83  8:01  Drone x2  
  82  8:08  Drone x2  
  82  8:09  Queen x2, Drone x2  
  82  8:13  Drone x3  
  82  8:15  Drone x3  
  82  8:16  Drone  
  82  8:19  Drone  
  88  8:21  Drone  
  88  8:25  Extractor  
  88  8:26  Spine Crawler, Extractor  
  85  8:27  Spine Crawler  
  85  8:33  Queen  
  85  8:34  Hydralisk Den  
  85  8:39  Overlord  
  85  8:40  Overlord  
  81  8:55  Drone x3  
  82  8:56  Overlord x2  
  82  8:59  Drone x5  
  87  9:05  Hydralisk x2  
  87  9:06  Hydralisk x3  
  87  9:07  Centrifical Hooks  
  97  9:17  Muscular Augments  
  97  9:18  Hydralisk x4  
  97  9:19  Extractor  
  97  9:22  Baneling x4  
  97  9:23  Baneling x2  
  104  9:27  Spore Crawler  
  103  9:32  Hydralisk  
  103  9:33  Hydralisk x3  
  103  9:38  Hydralisk x2  
  111  9:43  Hydralisk  
  117  9:47  Hydralisk  
  117  9:48  Zergling x4  
  121  10:00  Zergling x2  
  121  10:04  Zergling x4  
  121  10:06  Zergling x8  
  121  10:11  Hatchery  
  121  10:13  Unknown  
  118  10:18  Hydralisk x3  
  120  10:28  Grooved Spines  
  118  10:34  Hydralisk x2  
  118  10:35  Hydralisk  
  121  10:40  Hydralisk x2  
  121  10:41  Hydralisk  
  121  10:49  Spore Crawler  
  112  10:50  Spore Crawler  
  112  10:51  Hydralisk x2  
  112  10:52  Hydralisk x3  
  114  11:00  Hydralisk  
  93  11:12  Zergling x6  
  93  11:13  Zergling x2  
  93  11:15  Hydralisk  
  83  11:22  Drone  
  78  11:25  Drone  
  78  11:26  Drone  
  78  11:30  Drone  
  78  11:32  Queen x2  
  73  11:34  Drone  
  73  11:37  Drone  
  59  12:08  Queen  
Tags
 
Add a new tag
Caveats
  • Supply blocks, unpowered buildings, or Contaminate may cause inaccurate times.
  • Supply counts are checked every 10 seconds.